 Dungeon Crawl Stone Soup version 0.20.1-1-g8b1a95d (webtiles) character file.

695 polve the Slasher (level 7, 0/35 HPs)
             Began as a Vine Stalker Fighter on July 25, 2017.
             Slain by an ogre
             ... wielding a +0 giant spiked club
              (20 damage)
             ... on level 5 of the Dungeon.
             The game lasted 00:03:56 (3359 turns).

polve the Slasher (Vine Stalker Fighter)            Turns: 3359, Time: 00:03:56

Health: 0/35       AC:  9    Str: 18    XL:     7   Next: 64%
Magic:  0/8        EV:  7    Int:  8    God:
Gold:   193        SH:  9    Dex: 16    Spells: 6/6 levels left

rFire    . . .     SeeInvis .   a - +0 long sword
rCold    . . .     Gourm    .   c - +0 shield
rNeg     . . .     Faith    .   i - quicksilver dragon scales (curse)
rPois    +         Spirit   +   (no helmet)
rElec    .         Reflect  .   (no cloak)
rCorr    +         Harm     .   (no gloves)
MR       +....                  (no boots)
Stlth    +.........             (no amulet)
Regen    0.6/turn               e - ring of resist corrosion
MPRegen  0.2/turn               y - ring of poison resistance

@: no status effects
A: fangs 2, regeneration 1, magic shield, antimagic bite, no potion heal 3, rot
immunity
a: no special abilities


You were on level 5 of the Dungeon.
You were not hungry.

You visited 1 branch of the dungeon, and saw 5 of its levels.

You collected 193 gold pieces.

Inventory:

Hand Weapons
 a - a +0 long sword (weapon)
Armour
 c - a +0 shield (worn)
 i - cursed quicksilver dragon scales (worn)
Jewellery
 e - a ring of resist corrosion (left hand)
 y - a ring of poison resistance (right hand)
Scrolls
 g - a scroll of enchant weapon {unknown}
 j - a scroll of teleportation {unknown}
 l - a scroll of blinking {unknown}
 m - a scroll of fog {unknown}
 o - a scroll of random uselessness {unknown}
 p - a scroll of immolation {unknown}
 q - 4 scrolls of remove curse {unknown}
 u - 6 scrolls of identify {unknown}
 w - a scroll of noise {unknown}
Potions
 b - 3 potions of flight {unknown}
 d - 2 potions of might
 h - 2 potions of curing {unknown}
 k - a potion of degeneration {unknown}
 r - a potion of lignification {unknown}
 s - a potion of haste {unknown}
 v - a potion of ambrosia {unknown}
 x - a potion of brilliance {unknown}
 A - a potion of agility {unknown}
 B - a potion of magic {unknown}
Comestibles
 f - 10 bread rations
 n - a royal jelly
 t - 4 fruits
 z - 7 chunks of flesh
 C - a meat ration


   Skills:
 - Level 2.6 Fighting
 + Level 7.6 Long Blades
 - Level 2.4 Armour
 - Level 2.6 Shields


You had 6 spell levels left.
You didn't know any spells.

Dungeon Overview and Level Annotations

Branches:
Dungeon (5/15)
 Temple: D:4-7

Altars:
Cheibriados
Trog


Innate Abilities, Weirdness & Mutations

You have extremely sharp teeth.
Your natural rate of healing is unusually fast.
When hurt, damage is shared between your health and your magic reserves.
Your bite disrupts and absorbs the magic of your enemies.
Potions cannot restore your health.
You are immune to rotting.


Message History

You are too injured to fight recklessly!
You are too injured to fight recklessly!
You are too injured to fight recklessly!
You are too injured to fight recklessly!
You are too injured to fight recklessly!
You are too injured to fight recklessly!
You are too injured to fight recklessly!
You are too injured to fight recklessly!
You are too injured to fight recklessly!
You are too injured to fight recklessly!
You are too injured to fight recklessly!
You closely miss the ogre. You bite the ogre. You drain its power.
You feel invigorated.
The ogre is moderately wounded.
The ogre hits you with a giant spiked club!
You hit the ogre. You bite the ogre, but do no damage.
The ogre is moderately wounded.
The ogre hits you with a giant spiked club!!
Ouch! That really hurt!
You die...

#......... ..
+......... . .#
#..(...... .#.#
#.......# .$.#
##.....## #..#
##...## #..#
##'## #.######..#
#.# #...O@.>..#
#.# ########.##
##.##
###.#######...##
#.......##.....##
#.#.###.###......
#.#.....# ##.#.##
#.####..####.#.##
#. #...........
#.#####.####.#...


You could see an ogre.

Vanquished Creatures
  Grinder (D:4)
  Menkaure (D:4)
  A phantom (D:4)
  A howler monkey (D:5)
  A centaur zombie (D:5)
  2 hounds
  2 orc wizards
  A howler monkey skeleton (D:4)
  3 adders
  3 oozes
  3 dart slugs
  2 leopard geckos
  9 orcs
  5 bats
  3 giant cockroaches
  7 hobgoblins
  8 kobolds
  3 quokkas
  A ball python (D:3)
  3 frilled lizards
  6 goblins
  A leopard gecko zombie (D:5)
  A quokka skeleton (D:4)
  5 rats
73 creatures vanquished.

Notes
Turn   | Place    | Note
-------+----------+-------------------------------------------
     0 | D:1      | polve the Vine Stalker Fighter began the quest for the Orb.
     0 | D:1      | Reached XP level 1. HP: 11/11 MP: 2/2
    15 | D:1      | Reached skill level 2 in Long Blades
   215 | D:1      | Reached XP level 2. HP: 16/16 MP: 3/3
   443 | D:1      | Found a snail-covered altar of Cheibriados.
   535 | D:1      | Reached skill level 3 in Long Blades
   535 | D:1      | Reached XP level 3. HP: 19/19 MP: 4/4
  1488 | D:2      | Gained mutation: Your natural rate of healing is unusually fast. [Vine Stalker growth]
  1488 | D:2      | Reached XP level 4. HP: 23/23 MP: 5/5
  1858 | D:3      | Reached skill level 4 in Long Blades
  1875 | D:3      | Found a bloodstained altar of Trog.
  2336 | D:4      | Reached XP level 5. HP: 27/27 MP: 6/6
  2474 | D:4      | Noticed Menkaure
  2483 | D:4      | Killed Menkaure
  2483 | D:4      | Reached skill level 5 in Long Blades
  2483 | D:4      | Reached XP level 6. HP: 13/32 MP: 3/7
  2617 | D:4      | Noticed a phantom
  2625 | D:4      | Noticed Grinder
  2643 | D:4      | Killed Grinder
  2643 | D:4      | Reached skill level 6 in Long Blades
  2643 | D:4      | Reached XP level 7. HP: 29/35 MP: 6/8
  2666 | D:4      | Reached skill level 7 in Long Blades
  2949 | D:5      | Entered Level 5 of the Dungeon
  3359 | D:5      | Slain by an ogre

Skill      XL: |  1  2  3  4  5  6  7 |
---------------+----------------------+-----
Long Blades    | 2 3 4 5 6 7 |  7.6
Fighting       | |  2.6
Armour         | |  2.4
Shields        | |  2.6

Action                   |  1- 3 |  4- 6 |  7- 9 || total
-------------------------+-------+-------+-------++-------
Melee: Long sword        |    79 |    75 |    71 ||   225
       Bite              |    21 |    20 |    17 ||    58
  Eat: Chunk             |     2 |     3 |     3 ||     8
Armor: Scale mail        |     2 |       |       ||     2
       Quicksilver drago |    31 |    29 |    27 ||    87
Dodge: Dodged            |    20 |    17 |    20 ||    57
Block: Shield            |    42 |    24 |    35 ||   101
       Rpst.: Long sword |     9 |     4 |     4 ||    17
